 Dungeon Crawl Stone Soup version 0.27.0-1-g7a089689b8 (webtiles) character file.

Game seed: 14029789250900146322

9456 freelancePsychic the Fighter (level 11, -2/99 HPs)
             Began as a Red Draconian Transmuter on Aug 17, 2021.
             Was a Believer of Cheibriados.
             Slain by a catoblepas (17 damage)
             ... on level 10 of the Dungeon.
             The game lasted 00:26:52 (13323 turns).

freelancePsychic the Fighter (DrTm)                Turns: 13323, Time: 00:26:52

Health: -2/99      AC: 12    Str: 22    XL:     11   Next: 23%
Magic:  1/15       EV: 14    Int: 29    God:    Cheibriados [**....]
Gold:   447        SH:  5    Dex: 17    Spells: 5/16 levels left

rFire    + . .     SeeInvis .     - Unarmed
rCold    + . .     Faith    .   (no shield)
rNeg     . . .     Spirit   .   (armour unavailable)
rPois    .         Reflect  +   (helmet restricted)
rElec    .         Harm     .   A - +0 cloak
rCorr    .         Rampage  .   (no gloves)
Will     .....                  (no boots)
Stlth    +.........             m - amulet of reflection
HPRegen  0.26/turn              e - +4 ring of protection
MPRegen  0.14/turn              n - ring of Noipaati {rC+ Str+3 Int+6 Stlth-}

@: very slightly contaminated, very slow
A: breathe fire, AC +7, unfitting armour, fire resistance 1, cold-blooded
a: Breathe Fire, Renounce Religion, Bend Time


You were on level 10 of the Dungeon.
You worshipped Cheibriados.
Cheibriados was pleased with you.
You visited 2 branches of the dungeon, and saw 11 of its levels.
You also visited: Ossuary.

You collected 552 gold pieces.
You spent 105 gold pieces at shops.

Inventory:

Missiles
 f - 9 throwing nets
Armour
 A - a +0 cloak (worn)
Jewellery
 e - a +4 ring of protection (left hand)
 h - a ring of protection from cold
 m - an amulet of reflection (around neck)
 n - the ring of Noipaati (right hand) {rC+ Str+3 Int+6 Stlth-}
   (You bought it in a shop on level 4 of the Dungeon)

   [ring of intelligence]

   Str:       It affects your strength (+3).
   Int:       It affects your intelligence (+6).
   rC:        It protects you from cold.
   Stlth:     It makes you less stealthy.
 y - a ring of magical power
Wands
 d - a wand of acid (12)
 j - a wand of flame (34)
 k - a wand of polymorph (24)
 l - a wand of mindburst (12)
 B - a wand of iceblast (9)
 C - a wand of digging (4)
Scrolls
 b - a scroll of fog
 g - 2 scrolls of amnesia
 q - 3 scrolls of immolation
 r - 3 scrolls of magic mapping
 w - 11 scrolls of identify {@r1}
 z - 2 scrolls of enchant armour {unknown}
Potions
 a - 2 potions of heal wounds {unknown}
 c - 2 potions of berserk rage {unknown}
 i - a potion of might {unknown}
 p - a potion of resistance {unknown}
 s - a potion of attraction {unknown}
 t - 4 potions of mutation {unknown}
 u - 3 potions of curing {unknown}
 v - a potion of magic {unknown}
 x - 2 potions of haste {@q3}
 D - a potion of invisibility {unknown}


   Skills:
 - Level 10.1 Fighting
 + Level 4.6 Dodging
 + Level 6.8 Unarmed Combat
 - Level 3.1 Spellcasting
 + Level 8.5 Conjurations
 - Level 9.1 Transmutations
 - Level 1.1 Ice Magic
 - Level 2.4 Poison Magic


You had 5 spell levels left.
You knew the following spells:

 Your Spells              Type           Power      Damage    Failure   Level
a - Beastly Appendage     Tmut           100%       N/A       1%          1
b - Spider Form           Tmut/Pois      18%        N/A       2%          3
c - Wereblood             Tmut           55%        N/A       1%          2
d - Irradiate             Conj/Tmut      26%        3d22      5%          5

Your spell library contained the following spells:

 Spells                   Type           Power      Damage    Failure   Level
 Ice Form                 Ice/Tmut       34%        N/A       10%         4
 Sublimation of Blood     Necr           2%         N/A       12%         2
 Petrify                  Tmut/Erth      30%        N/A       12%         4
 Tukima's Dance           Hex            4%         N/A       22%         3
 Yara's Violent Unravell  Hex/Tmut       15%        3d8       32%         5
 Passage of Golubria      Tloc           N/A        N/A       58%         4


Dungeon Overview and Level Annotations

Branches:
Dungeon (10/15)            Temple (1/1) D:6         Ossuary (visited)
   Lair: D:8-11         Orc: D:9-12

Altars:
Ashenzari
Cheibriados
Dithmenos
Elyvilon
Fedhas
Gozag
Hepliaklqana
Kikubaaqudgha
Makhleb
Nemelex Xobeh
Okawaru
Qazlal
Ru
Sif Muna
Trog
Vehumet
Wu Jian
Xom
Yredelemnul
The Shining One

Shops:
D:4 *

Annotations:
D:2 Terence
D:5 3 runed translucent doors, horus123's ghost, novice DECj
D:6 3 runed translucent doors, user000's ghost, novice MiBe
D:9 Erica


Innate Abilities, Weirdness & Mutations

You can breathe blasts of fire.
Your fiery red scales are hard. (AC +7)
You cannot fit into any form of body armour.
Your flesh is heat resistant. (rF+)
You are cold-blooded and may be slowed by cold attacks.


Message History

You are slowing down.
The troll is engulfed in calcifying dust.
The troll stops moving altogether!
No reachable target in view!
No reachable target in view!
No reachable target in view!
The troll is engulfed in calcifying dust. x2
You have turned to stone.
The catoblepas gores you!!
The troll is no longer petrified.
The catoblepas breathes a plume of calcifying dust at you.
The blast of calcifying dust hits you but does no damage.
You are engulfed in calcifying dust.
The catoblepas gores you but does no damage.
You are engulfed in calcifying dust.
The catoblepas gores you. The troll bites you but does no damage.
The troll claws you but does no damage. The troll claws you.
You are engulfed in calcifying dust.
The catoblepas gores you! The troll barely misses you. The troll claws you.
The troll barely misses you.
You are engulfed in calcifying dust.
The catoblepas gores you! The troll bites you.
The troll claws you but does no damage. The troll claws you.
You turn to flesh and can move again.
Unknown command.
Unknown command.
The catoblepas gores you!!
* * * LOW HITPOINT WARNING * * *
The troll is engulfed in calcifying dust.
The troll is moving more slowly.
The troll completely misses you. The troll barely misses you.
The troll misses you.
Casting: Irradiate (dangerous; 5% risk of failure)
Confirm with . or Enter, or press ? or * to list all spells.
You erupt in a fountain of uncontrolled magic!
The troll is blasted with magical radiation!!
The troll is heavily wounded.
The troll twists and deforms.
The catoblepas is blasted with magical radiation!!!
The catoblepas is heavily wounded.
The catoblepas twists and deforms.
The catoblepas gores you!
You die...

......... ... .........
♣.♣ ......##### .≈.
=.....#...#♣..♣♣♣♣.♣♣♣♣..♣
......#..## ♣.........♣
......##'#########†#######
.##+#.....................
....#...........YT##...)..
....#......[....@.........
....#......<.....§........
#..##.....................
>.#######................
.... #.......#+#######
..... #####+### ......
...[..


You could see a catoblepas (misshapen) and a troll (petrifying, misshapen).

Vanquished Creatures
  A centaur warrior (D:8)
  Pikel (D:8)
  A deep elf pyromancer (D:9)
  Psyche (D:8)
  A komodo dragon (D:9)
  A hornet (D:9)
  Prince Ribbit (D:7)
  A troll (D:8)
  A slime creature (D:10)
  A wyvern (D:8)
  7 yaks
  3 steam dragons
  3 vampire mosquitoes (D:10)
  Menkaure (Ossuary)
  A water moccasin (D:5)
  3 black bears
  3 orc warriors
  3 ice beasts
  A sky beast (D:7)
  4 ogres
  2 wolves (D:9)
  4 centaurs
  2 kobold brigands
  3 bullfrogs
  4 gnoll sergeants (D:9)
  2 scorpions
  A water moccasin skeleton (D:6)
  5 killer bees (D:9)
  3 howler monkeys
  8 wights
  3 electric eels
  4 centaur zombies
  7 hounds
  6 orc priests
  3 jellies
  A gnoll shaman (D:9)
  Jessica (D:2)
  3 iguanas
  Ijyb (D:4)
  8 orc wizards
  A killer bee zombie (D:7)
  A hound skeleton (D:4)
  3 mummies (Ossuary)
  A howler monkey zombie (D:9)
  25 gnolls
  An adder (D:4)
  2 howler monkey skeletons (D:4)
  A white imp (D:7)
  5 dart slugs
  35 orcs
  4 ball pythons
  4 endoplasms (D:2)
  3 giant cockroaches
  2 goblins
  5 hobgoblins
  14 jackals
  2 quokkas
  3 bats
  3 frilled lizards
  4 gnoll skeletons (Ossuary)
  5 gnoll zombies (Ossuary)
  3 goblin skeletons (Ossuary)
  6 goblin zombies (Ossuary)
  5 hobgoblin skeletons (Ossuary)
  5 hobgoblin zombies (Ossuary)
  16 kobolds
  6 kobold skeletons (Ossuary)
  A kobold zombie (Ossuary)
  4 orc skeletons (Ossuary)
  5 orc zombies (Ossuary)
  5 rats
  3 rat skeletons (Ossuary)
  3 rat zombies (Ossuary)
296 creatures vanquished.

Vanquished Creatures (others)
  16 fungi (D:9)
  19 plants
  4 toadstools (D:2)
39 creatures vanquished.

Grand Total: 335 creatures vanquished

Notes
Turn   | Place    | Note
-------+----------+-------------------------------------------
     0 | D:1      | freelancePsychic the Draconian Transmuter began the quest
                  | for the Orb.
     0 | D:1      | Reached XP level 1. HP: 16/16 MP: 3/3
   609 | D:1      | Reached XP level 2. HP: 23/23 MP: 5/5
   692 | D:1      | Found a faded altar of an unknown god.
  1029 | D:2      | Reached skill level 1 in Poison Magic
  1461 | D:2      | Found a blossoming altar of Fedhas.
  1691 | D:2      | Noticed Terence
  1881 | D:2      | Reached XP level 3. HP: 28/28 MP: 3/6
  1964 | D:2      | Learned a level 3 spell: Spider Form
  2248 | D:2      | Noticed Jessica
  2268 | D:2      | Killed Jessica
  2269 | D:2      | Reached XP level 4. HP: 22/35 MP: 1/7
  2727 | D:3      | Reached XP level 5. HP: 33/40 MP: 4/8
  2900 | D:3      | Found a hazy altar of Hepliaklqana.
  3064 | D:3      | Reached skill level 2 in Fighting
  3538 | D:4      | Noticed a black bear
  3552 | D:4      | Killed a black bear
  3553 | D:4      | Reached XP level 6. HP: 39/50 MP: 3/9
  3553 | D:4      | Noticed Ijyb
  3639 | D:4      | Killed Ijyb
  3661 | D:4      | Learned a level 2 spell: Wereblood
  3667 | D:4      | Reached skill level 3 in Fighting
  3711 | D:4      | Reached skill level 5 in Unarmed Combat
  3892 | D:4      | Reached skill level 1 in Ice Magic
  4011 | D:4      | Your scales start taking on a fiery red colour.
  4011 | D:4      | Reached XP level 7. HP: 57/57 MP: 4/10
  4011 | D:4      | Gained mutation: Your flesh is heat resistant. (rF+) [Red
                  | Draconian growth]
  4087 | D:4      | Found Xuruh Ragy's Assorted Antiques.
  4093 | D:4      | Bought a steaming iron ring for 105 gold pieces
  4093 | D:4      | Identified the ring of Noipaati {rC+ Str+3 Int+6 Stlth-}
                  | (You bought it in a shop on level 4 of the Dungeon)
  4314 | D:4      | Noticed a steam dragon
  4332 | D:4      | Killed a steam dragon
  4333 | D:4      | Reached skill level 4 in Fighting
  4729 | D:4      | Found an ornate altar of the Wu Jian Council.
  4878 | D:5      | Entered Level 5 of the Dungeon
  4881 | D:5      | Found a transporter.
  4894 | D:5      | Reached skill level 5 in Transmutations
  5001 | D:5      | Found a sand-covered staircase.
  5009 | Ossuary  | Entered an ossuary
  5344 | Ossuary  | Noticed Menkaure
  5350 | Ossuary  | Killed Menkaure
  5351 | Ossuary  | Reached skill level 5 in Fighting
  5351 | Ossuary  | Reached XP level 8. HP: 66/68 MP: 9/11
  5538 | D:5      | Found a transporter.
  5775 | D:5      | Reached skill level 1 in Conjurations
  5888 | D:5      | Found a runed translucent gate.
  5888 | D:5      | Found a runed translucent gate.
  5888 | D:5      | Found a runed translucent gate.
  5889 | D:5      | Noticed horus123's ghost (novice DECj)
  5920 | D:5      | Found a shadowy altar of Dithmenos.
  5969 | D:5      | Identified the +3 short sword "Bufoeju" {venom, rC++ Dex+4}
  6190 | D:6      | Found a runed translucent gate.
  6190 | D:6      | Found a runed translucent gate.
  6190 | D:6      | Found a runed translucent gate.
  6190 | D:6      | Found an opulent altar of Gozag.
  6191 | D:6      | Noticed user000's ghost (novice MiBe)
  6213 | D:5      | Reached skill level 6 in Fighting
  6501 | D:6      | Learned a level 5 spell: Irradiate
  6563 | D:6      | Reached XP level 9. HP: 40/78 MP: 9/12
  6745 | D:6      | Found a staircase to the Ecumenical Temple.
  6839 | Temple   | Entered the Ecumenical Temple
  7177 | D:6      | Reached skill level 7 in Fighting
  7912 | D:7      | Found a broken altar of Ashenzari.
  7918 | D:7      | Noticed Prince Ribbit
  7941 | D:7      | Killed Prince Ribbit
  8118 | D:7      | Reached skill level 5 in Conjurations
  8708 | D:8      | Noticed a centaur warrior
  8931 | D:8      | Reached skill level 8 in Fighting
  9117 | D:8      | Found a sacrificial altar of Ru.
  9141 | D:8      | Became a worshipper of Ru the Awakened
  9515 | D:8      | Killed a centaur warrior
  9516 | D:8      | Reached XP level 10. HP: 24/90 MP: 11/13
  9821 | D:8      | Noticed Psyche
  9829 | D:8      | Killed Psyche
  9830 | D:8      | Reached skill level 9 in Fighting
 10050 | D:8      | Found a shimmering altar of Xom.
 10206 | D:8      | Noticed Pikel
 10218 | D:8      | Killed Pikel
 10712 | D:9      | Found a snail-covered altar of Cheibriados.
 10744 | D:9      | Fell from the grace of Ru
 10744 | D:9      | Became a worshipper of Cheibriados the Contemplative
 11153 | D:9      | Noticed a deep elf pyromancer
 11154 | D:9      | Found a radiant altar of Vehumet.
 11165 | D:9      | Killed a deep elf pyromancer
 11557 | D:9      | Noticed Erica
 11690 | D:9      | Reached * piety under Cheibriados
 11957 | D:9      | Reached XP level 11. HP: 56/99 MP: 10/15
 12166 | D:9      | Reached ** piety under Cheibriados
 12559 | D:9      | Found an iron altar of Okawaru.
 12579 | D:9      | Identified the +1 robe of the Lizard {Rampage +Inv rElec
                  | Str-5}
 12654 | D:9      | Reached skill level 10 in Fighting
 13214 | D:10     | Entered Level 10 of the Dungeon
 13308 | D:10     | Noticed a catoblepas
 13323 | D:10     | Slain by a catoblepas

Illustrated notes

Levels and vault maps discovered:
D:1:      minmay_arrival_stair_chambers, layout_rooms,
          chequers_ecumenical_altar_twisty
D:2:      layout_basic, basic_altar, minmay_gold_behind_fungi,
          minmay_misc_feat_x, uniq_terence, uniq_jessica
D:3:      layout_rooms, lemuel_crystal_altar
D:4:      layout_loops_ring, nicolae_wu_jian_immortal_techniques, serial_shops,
          nicolae_shop_overgrown_old_shop, uniq_ijyb
D:5:      gammafunk_steamed_eel, layout_basic, nicolae_dithmenos_shadow_blocks,
          chequers_ossuary_entry_cave, gammafunk_ghost_necromancy
D:6:      layout_loops_cross, temple_pool_b, ebering_ghost_gozag
D:7:      layout_basic, nicolae_ashenzari_skybound, uniq_prince_ribbit1
D:8:      layout_rooms, lemuel_doored_altar, dk_xom_monty_hall, uniq_psyche,
          uniq_pikel
D:9:      layout_cave_pods, mainiacjoe_overflow_alcove_4,
          mainiacjoe_overflow_paths, nicolae_overflow_crystal_walls,
          grunt_lair_entry_orc_guard_hut, serial_gnoll_camp,
          gnoll_camp_mini_hut, gnoll_camp_huts_moat, gnoll_camp_mini_loothouse,
          gnoll_camp_mini_hut, grums_kennel, st_stairs_9, uniq_erica
D:10:     nzn_winding_woodlands_cross [nzn_winding_woodlands_5x15_crooked,
          nzn_winding_woodlands_5x15_eye, nzn_winding_woodlands_5x15_pool,
          nzn_winding_woodlands_5x15_pockets,
          nzn_winding_woodlands_15x15_eel_pit], layout_gridville,
          gammafunk_temple_overflow_wave, hangedman_misty_isle
Temple:   jpeg_temple_clearing

Skill      XL: |  1  2  3  4  5  6  7  8  9 10 11 |
---------------+----------------------------------+-----
Poison Magic   | 1 2 |  2.4
Transmutations | 3 4 5 6 8 9 |  9.1
Unarmed Combat | 4 5 6 |  6.8
Fighting       | 2 3 5 6 8 9 10 | 10.1
Ice Magic      | 1 |  1.1
Dodging        | 2 3 4 |  4.6
Conjurations   | 3 6 8 |  8.5
Spellcasting   | 3 |  3.1

Action                   |  1- 3 |  4- 6 |  7- 9 | 10-12 || total
-------------------------+-------+-------+-------+-------++-------
Melee: Unarmed           |   111 |   152 |   434 |   250 ||   947
       Punch             |     2 |     1 |     6 |     7 ||    16
       Kick              |     7 |     4 |    16 |     2 ||    29
       Tailslap          |     5 |     6 |    35 |    19 ||    65
       Headbutt          |     6 |     6 |    15 |     1 ||    28
 Cast: Beastly Appendage |     4 |     3 |     5 |     1 ||    13
       Spider Form       |     3 |    14 |    28 |    14 ||    59
       Wereblood         |       |       |     2 |     2 ||     4
       Irradiate         |       |       |       |    12 ||    12
 Abil: Breathe Fire      |       |       |    12 |     9 ||    21
  Use: Scroll            |       |     2 |     9 |     6 ||    17
 Stab: Sleeping          |     2 |       |       |       ||     2
Armor: Skin              |    35 |    47 |   102 |    77 ||   261
Dodge: Dodged            |    71 |   132 |   229 |   278 ||   710
Block: Other             |       |     7 |    73 |    78 ||   158
       Reflection        |       |       |     2 |     7 ||     9
